 Dungeon Crawl Stone Soup version 0.31-a0-1084-gb392501acf (webtiles) character file.

Game seed: 395738142782895837

10250 GenChuck the Basher (level 11, -4/60 HPs)
             Began as a Gargoyle Fighter on Mar 24, 2020.
             Was a Priest of Dithmenos.
             Killed by the air
             ... invoked by Gastronok
              (19 damage)
             ... on level 12 of the Dungeon on Nov 28, 2023.
             The game lasted 02:29:32 (15547 turns).

GenChuck the Basher (Gargoyle Fighter)             Turns: 15547, Time: 02:29:33

Health: -4/60      AC: 27    Str: 24    XL:     11   Next: 59%
Magic:  11/11      EV:  8    Int: 10    God:    Dithmenos [***...]
Gold:   609        SH: 17    Dex: 12    Spells: 10/10 levels left

rFire   + . .        j - +1 whip (freeze)
rCold   . . .        c - +1 kite shield
rNeg    + . .        r - +2 chain mail {Will+}
rPois   ∞            t - +0 helmet
rElec   +            I - +2 cloak
rCorr   .            (no gloves)
SInv    .            n - +0 pair of boots
Will    +....        A - amulet of reflection
Stlth   x              - ring of Witoolai {rElec Str+3 Dex+2}
HPRegen 0.30/turn    g - ring of protection from fire
MPRegen 0.12/turn

%: reflection
@: wreathed by umbra
A: sickness immunity, AC +8, negative energy resistance 1, electricity
resistance, torment resistance 1, petrification resistance
a: Renounce Religion, Shadow Step


You were on level 12 of the Dungeon.
You worshipped Dithmenos.
Dithmenos was most pleased with you.
You visited 3 branches of the dungeon, and saw 14 of its levels.

You collected 697 gold pieces.
You spent 88 gold pieces at shops.

Inventory:

Hand Weapons
 j - a +1 whip of freezing (weapon)
 q - a +1 antimagic war axe
 G - a +3 trident
 H - a +1 battleaxe
 M - a +1 dagger of chaos
Armour
 c - a +1 kite shield (worn)
 n - a +0 pair of boots (worn)
 r - a +2 chain mail of willpower (worn)
 t - a +0 helmet (worn)
 I - a +2 cloak (worn)
Magical Staves
 F - a staff of air
Jewellery
 g - a ring of protection from fire (right hand)
 s - a ring of fire
 x - the ring of Witoolai (left hand) {rElec Str+3 Dex+2}
   (You acquired it on level 6 of the Dungeon)

   [ring of dexterity]

   Str+3:     It affects your strength (+3).
   Dex+2:     It affects your dexterity (+2).
   rElec:     It insulates you from electricity.
 A - an amulet of reflection (around neck)
 B - a ring of protection from fire
 L - a ring of positive energy
Wands
 b - a wand of flame (20) (quivered)
 h - a wand of acid (10)
 E - a wand of paralysis (8)
Scrolls
 e - 4 scrolls of removedness
 m - a scroll of blinking
 p - 3 scrolls of fear
 v - a scroll of amnesia
 w - 7 scrolls of identify
 y - a scroll of enchant armour
 z - a scroll of teleportation
Potions
 a - 6 potions of brilliance
 d - 5 potions of might
 i - a potion of ambrosia
 k - 2 potions of degeneration
 l - 3 potions of enlightenment
 o - 2 potions of lignification
 u - 2 potions of mutation
 C - 3 potions of haste
 K - a potion of magic
 N - a potion of heal wounds
Miscellaneous
 J - a removed lamp of fire
Comestibles
 f - 12 removed foods
 D - 15 removed foods


   Skills:
 - Level 3.2 Fighting
 - Level 12.2 Maces & Flails
 + Level 8.8 Armour
 * Level 5.4 Stealth
 + Level 11.4 Shields
 - Level 0.6 Evocations


You had 10 spell levels left.
You didn't know any spells.
Your spell library was empty.

Dungeon Overview and Level Annotations

Branches:
Dungeon (12/15)            Temple (1/1) D:5            Lair (1/6) D:9
    Orc (0/2) D:12

Altars:
Ashenzari
Cheibriados
Dithmenos
Elyvilon
Fedhas
Gozag
Hepliaklqana
Kikubaaqudgha
Makhleb
Nemelex Xobeh
Okawaru
Qazlal
Ru
Sif Muna
Trog
Uskayaw
Vehumet
Wu Jian
Xom
Yredelemnul
Zin
The Shining One

Shops:
D:7 ?

Annotations:
D:7 2 runed translucent doors, Kohma's ghost, novice TrMo
D:9 3 runed translucent doors, Ruudo's ghost, journeyman HaHu
D:11 Urug
D:12 Gastronok


Innate Abilities, Weirdness & Mutations

You are immune to sickness and miasma.
Your stone body is resilient. (AC +8)
You are immune to poison.
You resist negative energy. (rN+)
You are resistant to electric shocks. (rElec)
You are resistant to unholy torment.
You are immune to petrification.


Message History

Gastronok puts on a burst of speed!
You start resting.
Gastronok is nearby!
Gastronok casts a spell.
You block the bat's attack. The bat attacks as it pursues you!
The bat hits you but does no damage. You block the bat's attack. x3
The bat closely misses you. You block the bat's attack.
Gastronok gurgles.
You block the bat's attack. The bat closely misses you.
You block the bat's attack.
You feel briefly sluggish. The bat barely misses you.
There is an open door here.
You block the bat's attack. x2
You block the bat's attack. x3
There is an open door here.
You hit the bat. You freeze the bat.
You kill the bat!
The bat's corpse disappears in a puff of smoke!
The bat hits you but does no damage. You block the bat's attack.
You barely miss the bat. You block the bat's attack.
You closely miss the bat. You block the bat's attack. x2
You hit the bat but do no damage. You whack the bat! You freeze the bat.
You kill the bat!
The bat's corpse disappears in a puff of smoke!
Found a scroll of identify.
Found a stone staircase leading down.
A bullfrog comes into view.
Found a stone staircase leading up.
The bullfrog croaks.
Found a stone staircase leading up.
Gastronok waves his eye-stalks in wide circles.
The air twists around and strikes you!!
* * * LOW HITPOINT WARNING * * *
Gastronok waves his eye-stalks in wide circles.
The air twists around and strikes you!!
You die...
Gastronok gurgles, "About time.
I'm starving!"

###.##### ###[## ........#
#..... ........###+#######
#..>.. ........##........####
#..... ..>.....##........'..#
#.....
........##........##.####.....
...?....##........##...##.....
<.................####.##.....
........#..F.@....# #.##.....
.<......##........# #..'.....
#.########........# ####.....
# #####w#### ##+### #..# ##.#
####'## #.....# #....w#


You could see Gastronok (swift) and a bullfrog.

Vanquished Creatures
  Harold (D:8)
  A tengu warrior (D:12)
  Nergalle (D:12)
  A cyclops (D:11)
  A manticore (D:7)
  Psyche (D:12)
  3 centaur skeletons
  A ghost (D:12)
  A removed hippogriff (D:7)
  2 wyverns
  4 yaks (D:10)
  3 orc warriors
  3 ice beasts
  3 sky beasts
  5 ogres
  4 phantoms
  2 centaurs
  2 kobold brigands
  Blork the orc (D:4)
  7 bullfrogs
  A gnoll sergeant (D:9)
  11 scorpions
  3 howler monkeys
  3 crimson imps
  4 centaur zombies
  7 hounds
  7 orc priests
  2 bullfrog skeletons
  2 jellies (D:9)
  13 orc wizards
  A gnoll bouda (D:3)
  3 iguanas
  7 removed worker ants
  3 hound zombies
  2 removed worker ant zombies
  8 gnolls
  16 adders
  A river rat (D:5)
  3 shadow imps
  An endoplasm (D:1)
  2 adder zombies
  An adder skeleton (D:5)
  2 worms (D:3)
  3 dart slugs
  35 orcs
  6 removed leopard geckos
  2 ball pythons
  3 bats
  4 giant cockroaches
  8 hobgoblins
  11 jackals
  10 kobolds
  5 quokkas
  2 frilled lizards (D:2)
  6 goblins
  A jackal skeleton (D:4)
  2 quokka skeletons
  16 rats
  A rat zombie (D:5)
265 creatures vanquished.

Notes
Turn   | Place    | Note
-------+----------+-------------------------------------------
     0 | D:1      | GenChuck the Gargoyle Fighter began the quest for the Orb.
     0 | D:1      | Reached XP level 1. HP: 14/14 MP: 1/1
   172 | D:1      | Reached XP level 2. HP: 19/19 MP: 2/2
   228 | D:1      | Reached skill level 3 in Maces & Flails
   639 | D:1      | Reached XP level 3. HP: 23/23 MP: 3/3
  1075 | D:2      | Reached skill level 4 in Maces & Flails
  1201 | D:2      | Reached XP level 4. HP: 25/28 MP: 4/4
  1837 | D:2      | Found a faded altar of an unknown god.
  2036 | D:2      | Reached XP level 5. HP: 25/32 MP: 5/5
  2116 | D:3      | Reached skill level 5 in Maces & Flails
  2365 | D:3      | Upgraded the game from 0.25-a0-663-gace7076f2c to
                  | 0.25-a0-665-ga69d64035b
  2543 | D:3      | Found a blossoming altar of Fedhas.
  3263 | D:4      | Reached XP level 6. HP: 37/37 MP: 6/6
  3597 | D:4      | Reached skill level 6 in Maces & Flails
  4012 | D:4      | Noticed Blork the orc
  4016 | D:4      | Noticed a phantom
  4035 | D:4      | Killed Blork the orc
  4331 | D:4      | Killed a phantom
  4331 | D:4      | Reached skill level 7 in Maces & Flails
  4331 | D:4      | Reached XP level 7. HP: 29/41 MP: 7/7
  4638 | D:4      | Found a stormy altar of Qazlal.
  4702 | D:5      | Entered Level 5 of the Dungeon
  4706 | D:5      | Upgraded the game from 0.25-a0-665-ga69d64035b to
                  | 0.25-a0-667-gb977e01cb5
  4719 | D:5      | Reached skill level 1 in Stealth
  4971 | D:5      | Found a sacrificial altar of Ru.
  5208 | D:5      | Reached skill level 8 in Maces & Flails
  5435 | D:5      | Reached XP level 8. HP: 42/46 MP: 8/8
  5625 | D:5      | Found an ornate altar of the Wu Jian Council.
  5625 | D:5      | Found a shadowy altar of Dithmenos.
  5626 | D:5      | Found a white marble altar of Elyvilon.
  5641 | D:5      | Became a worshipper of Dithmenos the Shadowed
  5827 | D:5      | Reached skill level 5 in Armour
  5993 | D:5      | Found an ancient bone altar of Kikubaaqudgha.
  6090 | D:5      | Found a staircase to the Ecumenical Temple.
  6314 | Temple   | Entered the Ecumenical Temple
  6854 | D:6      | Reached skill level 9 in Maces & Flails
  7289 | D:6      | Found a shattered altar of Ashenzari.
  7543 | D:6      | Identified a scroll of acquirement
  7543 | D:6      | Identified the ring of Witoolai {rElec Str+3 Dex+2} (You
                  | acquired it on level 6 of the Dungeon)
  7700 | D:7      | Found a snail-covered altar of Cheibriados.
  7793 | D:7      | Found a basalt altar of Yredelemnul.
  7825 | D:7      | Found a bloodstained altar of Trog.
  7829 | D:7      | Reached skill level 5 in Shields
  7861 | D:7      | Reached XP level 9. HP: 51/51 MP: 9/9
  7883 | D:7      | Reached * piety under Dithmenos
  7883 | D:7      | Reached skill level 10 in Maces & Flails
  8047 | D:7      | Found a large runed translucent door.
  8047 | D:7      | Found a large runed translucent door.
  8050 | D:7      | Noticed Kohma's ghost (novice TrMo)
  8206 | D:7      | Noticed a manticore
  8271 | D:7      | Killed a manticore
  8522 | D:7      | Found Uliuf's Magic Scroll Shoppe.
  8525 | D:7      | Bought a scroll of identify for 22 gold pieces
  8525 | D:7      | Bought a scroll of identify for 22 gold pieces
  8525 | D:7      | Bought a scroll of identify for 22 gold pieces
  8525 | D:7      | Bought a scroll of identify for 22 gold pieces
  8939 | D:8      | Noticed a +0 dagger
  8952 | D:8      | Noticed a +0 dagger
  9022 | D:8      | Found a hide-covered altar of Uskayaw.
  9048 | D:8      | Reached skill level 11 in Maces & Flails
  9244 | D:8      | Noticed Harold
  9343 | D:8      | Killed Harold
  9343 | D:8      | Reached XP level 10. HP: 35/56 MP: 10/10
  9767 | D:8      | You fall into a shaft and drop 2 floors!
  9767 | D:10     | Entered Level 10 of the Dungeon
  9800 | D:10     | Reached skill level 12 in Maces & Flails
 10026 | D:10     | Reached ** piety under Dithmenos
 11049 | D:9      | Found a runed translucent gate.
 11049 | D:9      | Found a runed translucent gate.
 11049 | D:9      | Found a runed translucent gate.
 11050 | D:9      | Noticed a kobold demonologist
 11050 | D:9      | Noticed a kobold demonologist
 11050 | D:9      | Noticed Ruudo's ghost (journeyman HaHu)
 11051 | D:9      | Noticed a kobold demonologist
 11166 | D:9      | Found a shimmering blue altar of Sif Muna.
 11681 | D:9      | Found a staircase to the Lair.
 12197 | Lair:1   | Entered Level 1 of the Lair of Beasts
 12257 | Lair:1   | Noticed a spiny frog
 12262 | Lair:1   | Noticed a six-headed hydra
 12266 | Lair:1   | Noticed a four-headed hydra
 12342 | D:10     | Reached *** piety under Dithmenos
 12366 | D:10     | Reached XP level 11. HP: 59/60 MP: 11/11
 13412 | D:11     | Noticed Urug
 13831 | D:11     | Reached skill level 10 in Shields
 13971 | D:11     | Noticed a cyclops
 13992 | D:11     | Killed a cyclops
 14037 | D:11     | Noticed a white ugly thing
 14530 | D:12     | Noticed Nergalle
 14530 | D:12     | Noticed an ogre mage
 14530 | D:12     | Noticed a two-headed ogre
 14530 | D:12     | Noticed a two-headed ogre
 14546 | D:12     | Upgraded the game from 0.25-a0-667-gb977e01cb5 to
                  | 0.31-a0-1084-gb392501acf
 14548 | D:12     | Noticed a two-headed ogre
 14588 | D:12     | Killed Nergalle
 15119 | D:12     | Found a staircase to the Orcish Mines.
 15119 | D:12     | Noticed Psyche
 15136 | D:12     | Killed Psyche
 15137 | D:12     | Reached skill level 5 in Stealth
 15175 | D:12     | Noticed a tengu warrior
 15220 | D:12     | HP: 2/60 [tengu warrior/+1 battleaxe (14)]
 15223 | D:12     | Killed a tengu warrior
 15468 | D:12     | Found Fitunate's Gadget Shoppe.
 15485 | D:12     | Noticed Gastronok
 15547 | D:12     | Killed from afar by Gastronok

Illustrated notes

Levels and vault maps discovered:
D:1:      giann_wishing_wells, layout_loops_corners
D:2:      layout_basic, chequers_ecumenical_altar_twisty
D:3:      layout_loops_ring, marbit_many_paths, first_ration
D:4:      layout_rooms, nicolae_qazlal_general_emergency, uniq_blork_the_orc
D:5:      layout_basic, lemuel_zombie_altar_kikubaaqudgha,
          nicolae_ru_awakened_eye, gammafunk_temple_overflow_claw,
          minmay_temple_entry_poolview, portal_sewer_entry_a
D:6:      layout_basic, evilmike_ruin_ashenzari, nicolae_ossuary_entry_ruins
D:7:      minmay_cornered_nines, layout_rooms, bloody_trog,
          grunt_temple_overflow_open, serial_shops, kennysheep_mini_moat,
          ebering_ghost_disaster_area
D:8:      layout_loops_corners, dancing_weapons_uskayaw, uniq_harold
D:9:      kennysheep_orc_sif_temple, layout_basic, dpeg_oklobed_lair,
          gammafunk_ghost_nasty_kobolds
D:10:     layout_loops_ring
D:11:     layout_irregular_city, uniq_urug
D:12:     layout_roguey, orc_0_dummy, serial_shops, shop, grunt_tengu_nest,
          uniq_gastronok, uniq_rupert, uniq_nergalle, uniq_psyche
Temple:   eino_temple_lava
Lair:1:   layout_chaotic_city, worms_lemuel, serial_bayou_shore_b,
          lemuel_fruit_fields

Skill      XL: |  1  2  3  4  5  6  7  8  9 10 11 |
---------------+----------------------------------+-----
Maces & Flails | 3 4 5 7 8 9 11 12 | 12.2
Armour         | 4 5 6 7 8 |  8.8
Stealth        | 1 3 5 |  5.4
Shields        | 5 6 9 11 | 11.4
Fighting       | |  3.2
Evocations     | |  0.6

Action                     |  1- 3 |  4- 6 |  7- 9 | 10-12 || total
---------------------------+-------+-------+-------+-------++-------
  Melee: Flail             |    38 |       |       |       ||    38
         Whip              |    75 |   244 |   608 |   854 ||  1781
  Evoke: Wand              |       |       |     4 |     3 ||     7
    Use: Potion            |       |     1 |     9 |     2 ||    12
         Scroll            |       |     5 |    15 |     6 ||    26
    Eat: Removed food      |     1 |     9 |     1 |     9 ||    20
         Removed food      |       |     1 |     4 |     2 ||     7
 Armour: Scale mail        |    46 |     4 |       |       ||    50
         Ring mail         |       |    59 |   227 |    19 ||   305
         Chain mail        |       |       |       |   217 ||   217
  Dodge: Dodged            |    26 |    44 |   125 |    74 ||   269
  Block: Kite shield       |    46 |    63 |   186 |   413 ||   708
         Reflection        |       |       |       |    12 ||    12

Table legend: (Time is in decaauts)
 A = Elapsed time spent in this place.
 B = Non-inter-level travel time spent in this place.
 C = Inter-level travel time spent in this place.
 D = Time resting spent in this place.
 E = Time spent auto-exploring this place.
 F = Levels seen in this place.
 G = Mean time per level.
                   A        B        C        D        E       F      G
               +--------+--------+--------+--------+--------+-----+--------+
         Total |  15003 |  14439 |    564 |   3668 |   5375 |  14 | 1071.6 |
       Dungeon |  14855 |  14299 |    556 |   3668 |   5307 |  12 | 1237.9 |
        Temple |     74 |     68 |      6 |      0 |     68 |   1 |   74.0 |
          Lair |     73 |     73 |      0 |      0 |      0 |   1 |   73.0 |
               +--------+--------+--------+--------+--------+-----+--------+

Top non-repeatable levels by time:
    D:12: 936 daAuts
Note: time per level data comes from an upgraded game and may be incomplete.
